2990 views
Uploaded 2019-12-01 20:40:56
Game version 1.32.0.2 / 1.32.0.2.1
37:25 long 4on4 ladder game on (8)Mur'gulOasis_LV
Saved by BEARAND
2990 views
Uploaded 2019-12-01 20:40:56
Game version 1.32.0.2 / 1.32.0.2.1
37:25 long 4on4 ladder game on (8)Mur'gulOasis_LV


137 units @ 22.6k
/ 3.7k
151 buildings @ 17.4k
/ 9.3k
| Acolyte | 2 | 150 | / | 0 |
| total: | 2 | 150g | / | 0w |
| 0:07 | Acolyte |
| 0:07 | Acolyte |
| Right click | 5 |
| Select | 4 |
| Build/train/purchase | 2 |

| Orb of Lightning | 1 | 375 |
| Tiny Great Hall | 1 | 600 |
| total: | 2 | 975g |
| Peon | 8 | 600 | / | 0 |
| Grunt | 4 | 800 | / | 0 |
| Wind Rider | 7 | 1855 | / | 280 |
| Ghoul | 4 | 480 | / | 0 |
| Acolyte | 2 | 150 | / | 0 |
| total: | 25 | 3885g | / | 280w |
| Watch Tower | 21 | 2310 | / | 1680 |
| Altar of Storms | 1 | 180 | / | 50 |
| Orc Burrow | 10 | 1600 | / | 400 |
| Barracks | 1 | 180 | / | 50 |
| Voodoo Lounge | 1 | 130 | / | 30 |
| War Mill | 1 | 205 | / | 0 |
| Beastiary | 2 | 290 | / | 280 |
| Tauren Totem | 1 | 135 | / | 155 |
| Stronghold | 1 | 315 | / | 190 |
| Fortress | 1 | 325 | / | 190 |
| Altar of Darkness | 1 | 180 | / | 50 |
| Ziggurat | 1 | 150 | / | 50 |
| total: | 40 | 5360g | / | 2745w |
| 0:15 | Altar of Storms |
| 0:21 | Orc Burrow |
| 0:23 | Peon |
| 0:43 | Barracks |
| 0:45 | Peon |
| 1:18 | Peon |
| 1:18 | Peon |
| 1:59 | Voodoo Lounge |
| 2:10 | War Mill |
| 2:26 | Altar of Darkness |
| 2:41 | Mirror Image |
| 3:01 | Peon |
| 3:01 | Peon |
| 3:17 | Orc Burrow |
| 3:20 | Peon |
| 3:20 | Peon |
| 4:04 | Stronghold |
| 4:46 | Watch Tower |
| 4:52 | Watch Tower |
| 5:05 | Spiked Barricades |
| 5:11 | Ghoul |
| 5:12 | Ghoul |
| 5:12 | Ghoul |
| 5:12 | Ghoul |
| 5:27 | Grunt |
| 5:28 | Grunt |
| 5:28 | Grunt |
| 5:28 | Grunt |
| 5:35 | Frost Nova |
| 5:54 | Watch Tower |
| 6:59 | Wind Walk |
| 7:24 | Watch Tower |
| 7:39 | Orc Burrow |
| 9:01 | Watch Tower |
| 9:06 | Watch Tower |
| 9:13 | Watch Tower |
| 9:30 | Orc Burrow |
| 9:37 | Watch Tower |
| 11:03 | Watch Tower |
| 11:07 | Watch Tower |
| 11:14 | Orc Burrow |
| 11:19 | Reinforced Defenses |
| 11:19 | Improved Spiked Barricades |
| 11:21 | Fortress |
| 11:40 | Watch Tower |
| 11:49 | Steel Ranged Weapons |
| 11:55 | Beastiary |
| 12:13 | Orc Burrow |
| 12:21 | Orc Burrow |
| 12:31 | Orc Burrow |
| 12:35 | Orc Burrow |
| 12:44 | Critical Strike |
| 13:19 | Watch Tower |
| 14:06 | Beastiary |
| 14:19 | Orc Burrow |
| 14:42 | Watch Tower |
| 15:58 | Watch Tower |
| 16:12 | Watch Tower |
| 16:17 | Watch Tower |
| 16:52 | Envenomed Spears |
| 17:20 | Watch Tower |
| 18:08 | Watch Tower |
| 18:37 | Tauren Totem |
| 19:51 | Watch Tower |
| 19:53 | Watch Tower |
| 19:56 | Watch Tower |
| 21:04 | Wind Rider |
| 21:05 | Wind Rider |
| 21:22 | Orb of Lightning |
| 21:51 | Acolyte |
| 21:51 | Acolyte |
| 23:20 | Ziggurat |
| 23:36 | Wind Rider |
| 23:36 | Wind Rider |
| 23:36 | Wind Rider |
| 23:37 | Wind Rider |
| 23:37 | Wind Rider |
| 24:25 | Tiny Great Hall |
| Right click | 1056 |
| Select | 521 |
| Build/train/purchase | 85 |
| Resource trade | 16 |
| Use ability | 12 |
| Misc. action | 1 |
| Item give/drop | 1 |


| Peon | 19 | 1425 | / | 0 |
| Grunt | 4 | 800 | / | 0 |
| Troll Headhunter | 13 | 1820 | / | 260 |
| Spirit Walker | 2 | 390 | / | 70 |
| Demolisher | 2 | 440 | / | 100 |
| Kodo Beast | 1 | 255 | / | 60 |
| Raider | 2 | 360 | / | 80 |
| Mur'gul Snarecaster | 1 | 215 | / | 20 |
| Makrura Deepseer | 1 | 500 | / | 100 |
| Makrura Snapper | 1 | 315 | / | 0 |
| total: | 46 | 6520g | / | 690w |
| Watch Tower | 43 | 4730 | / | 3440 |
| Altar of Storms | 2 | 360 | / | 100 |
| War Mill | 1 | 205 | / | 0 |
| Orc Burrow | 7 | 1120 | / | 280 |
| Barracks | 1 | 180 | / | 50 |
| Great Hall | 1 | 385 | / | 185 |
| Tauren Totem | 1 | 135 | / | 155 |
| Beastiary | 1 | 145 | / | 140 |
| Stronghold | 2 | 630 | / | 380 |
| total: | 57 | 7260g | / | 4350w |
| 0:19 | Altar of Storms |
| 0:35 | Peon |
| 0:36 | Peon |
| 0:36 | Peon |
| 0:38 | Peon |
| 1:10 | War Mill |
| 1:20 | Orc Burrow |
| 1:58 | Orc Burrow |
| 2:18 | Orc Burrow |
| 2:22 | Peon |
| 2:23 | Peon |
| 2:46 | Barracks |
| 3:14 | Orc Burrow |
| 3:18 | Mirror Image |
| 3:41 | Peon |
| 3:41 | Peon |
| 3:59 | Watch Tower |
| 4:32 | Watch Tower |
| 4:48 | Grunt |
| 4:49 | Grunt |
| 5:14 | Stronghold |
| 5:52 | Watch Tower |
| 5:58 | Spiked Barricades |
| 6:59 | Watch Tower |
| 7:14 | Critical Strike |
| 8:00 | Grunt |
| 8:00 | Grunt |
| 8:01 | Berserker Strength |
| 8:04 | Reinforced Defenses |
| 8:10 | Watch Tower |
| 8:30 | Peon |
| 8:30 | Peon |
| 8:30 | Peon |
| 8:31 | Peon |
| 9:16 | Watch Tower |
| 9:22 | Watch Tower |
| 9:26 | Feral Spirit |
| 10:29 | Troll Headhunter |
| 10:30 | Troll Headhunter |
| 10:30 | Troll Headhunter |
| 10:43 | Watch Tower |
| 10:55 | Watch Tower |
| 11:14 | Steel Melee Weapons |
| 11:15 | Steel Armor |
| 11:30 | Tauren Totem |
| 11:42 | Troll Regeneration |
| 12:20 | Chain Lighting |
| 13:00 | Mur'gul Snarecaster |
| 13:01 | Makrura Deepseer |
| 13:02 | Makrura Snapper |
| 13:31 | Spirit Walker Adept Training |
| 13:31 | Spirit Walker |
| 13:35 | Orc Burrow |
| 13:42 | Watch Tower |
| 13:50 | Watch Tower |
| 14:37 | Orc Burrow |
| 14:43 | Improved Spiked Barricades |
| 16:01 | Orc Burrow |
| 16:03 | Spirit Walker |
| 16:21 | Watch Tower |
| 16:25 | Watch Tower |
| 16:36 | Troll Headhunter |
| 16:54 | Beastiary |
| 17:01 | Demolisher |
| 17:02 | Demolisher |
| 17:23 | Great Hall |
| 18:06 | Kodo Beast |
| 18:08 | Raider |
| 18:08 | Raider |
| 18:17 | Pillage |
| 20:08 | Watch Tower |
| 20:19 | Watch Tower |
| 20:24 | Watch Tower |
| 20:30 | Watch Tower |
| 20:35 | Watch Tower |
| 20:40 | Watch Tower |
| 21:02 | Peon |
| 21:02 | Peon |
| 21:02 | Peon |
| 21:02 | Peon |
| 21:30 | Troll Headhunter |
| 21:30 | Troll Headhunter |
| 21:30 | Troll Headhunter |
| 21:30 | Troll Headhunter |
| 21:30 | Troll Headhunter |
| 22:06 | Watch Tower |
| 23:14 | Watch Tower |
| 23:18 | Watch Tower |
| 24:24 | Watch Tower |
| 24:37 | Watch Tower |
| 24:41 | Watch Tower |
| 24:52 | Altar of Storms |
| 25:18 | Peon |
| 25:18 | Peon |
| 25:18 | Peon |
| 25:54 | Watch Tower |
| 27:07 | Watch Tower |
| 27:20 | Troll Headhunter |
| 27:20 | Troll Headhunter |
| 27:20 | Troll Headhunter |
| 27:21 | Troll Headhunter |
| 28:54 | Watch Tower |
| 31:23 | Watch Tower |
| 31:44 | Watch Tower |
| 31:52 | Watch Tower |
| 31:56 | Watch Tower |
| 32:01 | Watch Tower |
| 32:12 | Watch Tower |
| 32:36 | Watch Tower |
| 32:44 | Thorium Armor |
| 32:45 | Thorium Melee Weapons |
| 33:14 | Mirror Image |
| 33:28 | Watch Tower |
| 33:58 | Watch Tower |
| 34:05 | Watch Tower |
| 34:13 | Watch Tower |
| 36:41 | Watch Tower |
| 36:44 | Watch Tower |
| 36:50 | Watch Tower |
| 36:54 | Watch Tower |
| Right click | 360 |
| Select | 285 |
| Build/train/purchase | 82 |
| Use ability | 2 |
| Item give/drop | 2 |

| Peasant | 14 | 1050 | / | 0 |
| Gryphon Rider | 16 | 4480 | / | 1120 |
| Acolyte | 7 | 525 | / | 0 |
| Ghoul | 4 | 480 | / | 0 |
| Abomination | 23 | 5520 | / | 1610 |
| total: | 64 | 12055g | / | 2730w |
| Scout Tower | 19 | 570 | / | 380 |
| Guard Tower | 6 | 420 | / | 300 |
| Arcane Tower | 2 | 140 | / | 100 |
| Lumber Mill | 1 | 120 | / | 0 |
| Farm | 15 | 1200 | / | 300 |
| Altar of Kings | 1 | 180 | / | 50 |
| Blacksmith | 2 | 280 | / | 120 |
| Gryphon Aviary | 3 | 420 | / | 450 |
| Arcane Sanctum | 1 | 150 | / | 140 |
| Keep | 1 | 320 | / | 210 |
| Castle | 1 | 360 | / | 210 |
| Nerubian Tower | 1 | 100 | / | 20 |
| Spirit Tower | 7 | 1015 | / | 280 |
| Crypt | 1 | 200 | / | 50 |
| Ziggurat | 8 | 1200 | / | 400 |
| Graveyard | 1 | 215 | / | 0 |
| Slaughterhouse | 2 | 280 | / | 270 |
| Halls of the Dead | 1 | 320 | / | 210 |
| Black Citadel | 1 | 325 | / | 230 |
| total: | 54 | 4815g | / | 2160w |
| 0:07 | Peasant |
| 0:07 | Peasant |
| 0:08 | Peasant |
| 0:45 | Lumber Mill |
| 0:50 | Peasant |
| 0:50 | Peasant |
| 1:13 | Peasant |
| 1:25 | Acolyte |
| 1:29 | Acolyte |
| 1:29 | Acolyte |
| 1:29 | Acolyte |
| 1:40 | Farm |
| 1:45 | Farm |
| 1:46 | Farm |
| 1:47 | Farm |
| 2:09 | Crypt |
| 2:15 | Ziggurat |
| 2:21 | Ziggurat |
| 2:25 | Ziggurat |
| 2:55 | Altar of Kings |
| 3:02 | Keep |
| 3:16 | Ghoul |
| 3:16 | Ghoul |
| 3:17 | Ghoul |
| 3:20 | Ghoul |
| 5:37 | Gryphon Aviary |
| 5:50 | Castle |
| 6:06 | Scout Tower |
| 6:07 | Scout Tower |
| 6:11 | Scout Tower |
| 6:12 | Scout Tower |
| 6:14 | Scout Tower |
| 6:16 | Scout Tower |
| 6:22 | Flame Strike |
| 6:36 | Gryphon Aviary |
| 6:56 | Scout Tower |
| 6:57 | Scout Tower |
| 6:58 | Scout Tower |
| 7:14 | Gryphon Aviary |
| 7:29 | Guard Tower |
| 7:31 | Arcane Tower |
| 8:18 | Guard Tower |
| 8:19 | Guard Tower |
| 8:31 | Farm |
| 8:32 | Farm |
| 8:33 | Farm |
| 8:34 | Farm |
| 8:39 | Gryphon Rider |
| 8:40 | Gryphon Rider |
| 8:46 | Peasant |
| 8:46 | Peasant |
| 8:56 | Halls of the Dead |
| 9:07 | Nerubian Tower |
| 9:19 | Graveyard |
| 9:31 | Ziggurat |
| 9:32 | Ziggurat |
| 9:33 | Ziggurat |
| 9:39 | Ziggurat |
| 9:42 | Ziggurat |
| 9:59 | Gryphon Rider |
| 9:59 | Gryphon Rider |
| 10:08 | Peasant |
| 10:08 | Peasant |
| 10:09 | Peasant |
| 10:20 | Scout Tower |
| 10:20 | Scout Tower |
| 10:21 | Scout Tower |
| 10:22 | Scout Tower |
| 10:26 | Improved Lumber Harvesting |
| 10:47 | Spirit Tower |
| 10:52 | Spirit Tower |
| 10:53 | Spirit Tower |
| 10:55 | Spirit Tower |
| 10:57 | Spirit Tower |
| 10:58 | Spirit Tower |
| 11:01 | Spirit Tower |
| 11:20 | Blacksmith |
| 11:23 | Blacksmith |
| 11:39 | Gryphon Rider |
| 11:39 | Gryphon Rider |
| 11:50 | Farm |
| 11:51 | Farm |
| 11:52 | Farm |
| 11:59 | Gryphon Rider |
| 12:01 | Gryphon Rider |
| 12:16 | Black Citadel |
| 12:30 | Slaughterhouse |
| 12:51 | Arcane Tower |
| 12:52 | Guard Tower |
| 12:54 | Guard Tower |
| 12:55 | Guard Tower |
| 13:50 | Storm Hammers |
| 13:51 | Gryphon Rider |
| 13:51 | Gryphon Rider |
| 15:21 | Arcane Sanctum |
| 15:35 | Gryphon Rider |
| 15:35 | Gryphon Rider |
| 15:44 | Abomination |
| 15:44 | Abomination |
| 15:44 | Abomination |
| 15:44 | Abomination |
| 15:44 | Abomination |
| 15:44 | Abomination |
| 15:45 | Abomination |
| 15:45 | Abomination |
| 15:45 | Abomination |
| 15:52 | Slaughterhouse |
| 16:05 | Studded Leather Armor |
| 16:06 | Iron Forged Swords |
| 16:23 | Farm |
| 16:27 | Farm |
| 16:28 | Farm |
| 16:29 | Farm |
| 16:37 | Magic Sentry |
| 17:30 | Scout Tower |
| 17:51 | Abomination |
| 17:51 | Abomination |
| 17:51 | Abomination |
| 17:51 | Abomination |
| 17:52 | Abomination |
| 17:52 | Abomination |
| 17:52 | Abomination |
| 17:52 | Abomination |
| 18:14 | Reinforced Leather Armor |
| 18:15 | Steel Forged Swords |
| 18:30 | Peasant |
| 18:30 | Peasant |
| 18:30 | Peasant |
| 19:17 | Abomination |
| 19:17 | Abomination |
| 19:17 | Abomination |
| 19:17 | Abomination |
| 19:22 | Acolyte |
| 19:22 | Acolyte |
| 19:24 | Acolyte |
| 19:49 | Scout Tower |
| 19:55 | Scout Tower |
| 20:10 | Scout Tower |
| 20:18 | Scout Tower |
| 20:40 | Scout Tower |
| 21:21 | Gryphon Rider |
| 21:21 | Gryphon Rider |
| 21:46 | Disease Cloud |
| 21:47 | Abomination |
| 21:47 | Abomination |
| 23:12 | Mithril Forged Swords |
| 23:13 | Dragonhide Armor |
| 24:10 | Gryphon Rider |
| 24:10 | Gryphon Rider |
| Select | 269 |
| Right click | 183 |
| Build/train/purchase | 98 |
| Remove unit | 3 |
96 units @ 11k
/ 1.3k
341 buildings @ 16.4k
/ 8.9k
iggythefisk
(37:41) : 


x2)
| Scroll of Regeneration | 1 | 100 |
| Staff of Sanctuary | 3 | 750 |
| Orb of Fire | 3 | 975 |
| Boots of Speed | 3 | 750 |
| Circlet of Nobility | 2 | 350 |
| Staff of Teleportation | 3 | 450 |
| Tome of Retraining | 2 | 600 |
| Orb of Lightning | 1 | 375 |
| total: | 18 | 4350g |
| Peasant | 16 | 1200 | / | 0 |
| Priest | 1 | 135 | / | 10 |
| Giant Sea Turtle | 1 | 295 | / | 35 |
| Makrura Snapper | 1 | 315 | / | 0 |
| Mur'gul Snarecaster | 1 | 215 | / | 20 |
| Makrura Deepseer | 1 | 500 | / | 100 |
| total: | 21 | 2660g | / | 165w |
| Scout Tower | 32 | 960 | / | 640 |
| Arcane Tower | 7 | 490 | / | 350 |
| Guard Tower | 13 | 910 | / | 650 |
| Altar of Kings | 1 | 180 | / | 50 |
| Farm | 4 | 320 | / | 80 |
| Lumber Mill | 1 | 120 | / | 0 |
| Arcane Vault | 2 | 260 | / | 60 |
| Town Hall | 1 | 385 | / | 205 |
| Arcane Sanctum | 1 | 150 | / | 140 |
| Keep | 1 | 320 | / | 210 |
| Castle | 1 | 360 | / | 210 |
| total: | 42 | 2375g | / | 1175w |
| 0:02 | Peasant |
| 0:04 | Altar of Kings |
| 0:08 | Peasant |
| 0:18 | Farm |
| 0:19 | Peasant |
| 0:33 | Lumber Mill |
| 0:34 | Peasant |
| 0:39 | Peasant |
| 0:54 | Farm |
| 0:57 | Peasant |
| 1:20 | Scout Tower |
| 1:21 | Arcane Vault |
| 1:25 | Peasant |
| 1:29 | Peasant |
| 1:39 | Scout Tower |
| 1:45 | Peasant |
| 1:55 | Arcane Tower |
| 2:04 | Holy Light |
| 2:07 | Peasant |
| 2:26 | Guard Tower |
| 2:33 | Peasant |
| 2:33 | Peasant |
| 2:34 | Peasant |
| 2:46 | Peasant |
| 2:58 | Peasant |
| 3:02 | Scout Tower |
| 3:20 | Peasant |
| 3:35 | Guard Tower |
| 3:36 | Scout Tower |
| 3:51 | Divine Shield |
| 4:06 | Scroll of Regeneration |
| 4:16 | Guard Tower |
| 4:17 | Scout Tower |
| 4:18 | Scout Tower |
| 4:56 | Guard Tower |
| 5:09 | Improved Masonry |
| 5:11 | Guard Tower |
| 5:12 | Scout Tower |
| 5:13 | Scout Tower |
| 5:50 | Keep |
| 5:54 | Arcane Tower |
| 5:56 | Holy Light |
| 6:07 | Scout Tower |
| 6:08 | Scout Tower |
| 6:10 | Arcane Vault |
| 6:14 | Guard Tower |
| 6:16 | Scout Tower |
| 6:17 | Scout Tower |
| 6:17 | Scout Tower |
| 6:19 | Scout Tower |
| 6:19 | Scout Tower |
| 6:20 | Scout Tower |
| 6:49 | Arcane Tower |
| 7:00 | Farm |
| 7:04 | Guard Tower |
| 7:21 | Boots of Speed |
| 8:24 | Healing Spray |
| 9:01 | Guard Tower |
| 9:02 | Scout Tower |
| 9:03 | Scout Tower |
| 9:13 | Castle |
| 9:15 | Advanced Masonry |
| 9:15 | Improved Lumber Harvesting |
| 9:16 | Arcane Sanctum |
| 9:57 | Arcane Tower |
| 9:57 | Guard Tower |
| 10:02 | Scout Tower |
| 10:02 | Scout Tower |
| 11:00 | Divine Shield |
| 11:01 | Acid Bomb |
| 11:11 | Guard Tower |
| 11:12 | Scout Tower |
| 11:13 | Scout Tower |
| 11:23 | Magic Sentry |
| 11:42 | Farm |
| 12:13 | Arcane Tower |
| 12:17 | Scout Tower |
| 12:17 | Scout Tower |
| 12:56 | Boots of Speed |
| 13:00 | Circlet of Nobility |
| 13:27 | Guard Tower |
| 13:30 | Staff of Sanctuary |
| 13:34 | Staff of Sanctuary |
| 13:38 | Orb of Fire |
| 13:40 | Orb of Fire |
| 13:46 | Scout Tower |
| 13:47 | Scout Tower |
| 13:47 | Scout Tower |
| 13:47 | Scout Tower |
| 13:49 | Scout Tower |
| 13:49 | Scout Tower |
| 13:53 | Imbued Masonry |
| 13:53 | Advanced Lumber Harvesting |
| 14:29 | Scout Tower |
| 14:30 | Scout Tower |
| 14:42 | Siphon Mana |
| 14:50 | Town Hall |
| 15:04 | Staff of Teleportation |
| 15:18 | Boots of Speed |
| 15:31 | Guard Tower |
| 15:37 | Arcane Tower |
| 16:18 | Tome of Retraining |
| 16:18 | Retrain Hero |
| 16:28 | Healing Spray |
| 16:35 | Healing Spray |
| 16:42 | Arcane Tower |
| 16:43 | Guard Tower |
| 17:07 | Circlet of Nobility |
| 18:36 | Staff of Teleportation |
| 18:51 | Staff of Sanctuary |
| 18:51 | Orb of Fire |
| 20:46 | Tome of Retraining |
| 20:46 | Retrain Hero |
| 20:49 | Healing Spray |
| 20:50 | Chemical Rage |
| 20:59 | Staff of Teleportation |
| 21:13 | Sorceress Adept Training |
| 21:13 | Priest Adept Training |
| 21:14 | Priest |
| 23:16 | Orb of Lightning |
| 25:13 | Banish |
| 26:48 | Holy Light |
| 27:25 | Chemical Rage |
| 27:34 | Siphon Mana |
| 32:30 | Divine Shield |
| 33:28 | Giant Sea Turtle |
| 33:28 | Makrura Snapper |
| 33:28 | Mur'gul Snarecaster |
| 33:29 | Makrura Deepseer |
| 33:53 | Healing Spray |
| 33:55 | Banish |
| Right click | 2029 |
| Select group | 1662 |
| Select | 434 |
| Assign group | 205 |
| Use ability | 139 |
| Build/train/purchase | 133 |
| Misc. action | 90 |
| Chat | 43 |
| Resource trade | 32 |
| Item give/drop | 7 |
| Minimap ping | 3 |
| Remove unit | 1 |
IcebergSlim
(37:41) : 

| Healing Salve | 2 | 200 |
| Orb of Lightning | 2 | 750 |
| Scroll of Speed | 1 | 50 |
| Boots of Speed | 2 | 500 |
| Staff of Teleportation | 2 | 300 |
| total: | 9 | 1800g |
| Peon | 11 | 825 | / | 0 |
| Troll Batrider | 17 | 2720 | / | 680 |
| total: | 28 | 3545g | / | 680w |
| Watch Tower | 1 | 110 | / | 80 |
| Altar of Storms | 1 | 180 | / | 50 |
| Orc Burrow | 4 | 640 | / | 160 |
| War Mill | 1 | 205 | / | 0 |
| Voodoo Lounge | 4 | 520 | / | 120 |
| Great Hall | 1 | 385 | / | 185 |
| Beastiary | 2 | 290 | / | 280 |
| Stronghold | 1 | 315 | / | 190 |
| Fortress | 1 | 325 | / | 190 |
| total: | 14 | 2330g | / | 875w |
| 0:02 | Peon |
| 0:02 | Peon |
| 0:06 | Altar of Storms |
| 0:18 | Orc Burrow |
| 0:20 | Peon |
| 0:41 | Peon |
| 0:52 | War Mill |
| 1:00 | Peon |
| 1:12 | Voodoo Lounge |
| 1:19 | Peon |
| 1:27 | Peon |
| 1:49 | Orc Burrow |
| 1:51 | Peon |
| 2:08 | Wind Walk |
| 2:15 | Healing Salve |
| 2:15 | Healing Salve |
| 2:44 | Peon |
| 2:44 | Peon |
| 2:44 | Peon |
| 3:06 | Watch Tower |
| 3:58 | Stronghold |
| 4:14 | Voodoo Lounge |
| 4:18 | Voodoo Lounge |
| 4:52 | Critical Strike |
| 6:13 | Voodoo Lounge |
| 6:21 | Fortress |
| 6:53 | Orc Burrow |
| 7:49 | Reinforced Defenses |
| 8:19 | Wind Walk |
| 8:48 | Orc Burrow |
| 9:47 | Hex |
| 9:56 | Spiked Barricades |
| 9:59 | Beastiary |
| 10:03 | Beastiary |
| 10:06 | Steel Ranged Weapons |
| 11:13 | Liquid Fire |
| 12:01 | Healing Wave |
| 12:12 | Troll Batrider |
| 12:45 | Boots of Speed |
| 12:54 | Thorium Ranged Weapons |
| 12:57 | Orb of Lightning |
| 13:05 | Troll Batrider |
| 13:07 | Troll Batrider |
| 13:09 | Steel Armor |
| 13:36 | Troll Batrider |
| 14:03 | Critical Strike |
| 14:12 | Arcanite Ranged Weapons |
| 15:05 | Scroll of Speed |
| 15:56 | Staff of Teleportation |
| 16:12 | Orb of Lightning |
| 16:26 | Boots of Speed |
| 16:26 | Staff of Teleportation |
| 16:49 | Thorium Armor |
| 16:51 | Troll Batrider |
| 17:30 | Troll Batrider |
| 18:17 | Critical Strike |
| 20:09 | Arcanite Armor |
| 20:09 | Improved Spiked Barricades |
| 22:06 | Bladestorm |
| 27:10 | Great Hall |
| 28:03 | Wind Walk |
| 31:25 | Troll Batrider |
| 31:25 | Troll Batrider |
| 31:25 | Troll Batrider |
| 31:25 | Troll Batrider |
| 31:25 | Troll Batrider |
| 33:34 | Troll Batrider |
| 33:40 | Pillage |
| 35:59 | Mirror Image |
| 36:31 | Troll Batrider |
| 36:32 | Troll Batrider |
| 36:32 | Troll Batrider |
| 36:32 | Troll Batrider |
| 36:33 | Troll Batrider |
| Right click | 2686 |
| Select group | 563 |
| Select | 371 |
| Build/train/purchase | 114 |
| Misc. action | 86 |
| Use ability | 55 |
| Chat | 23 |
| Resource trade | 17 |
| Assign group | 14 |
| Item give/drop | 3 |
| Minimap ping | 3 |
| Esc | 1 |



| Staff of Sanctuary | 3 | 750 |
| Staff of Teleportation | 3 | 450 |
| Boots of Speed | 3 | 750 |
| Periapt of Vitality | 4 | 1300 |
| Healing Salve | 1 | 100 |
| Orb of Lightning | 5 | 1875 |
| total: | 19 | 5225g |
| Peasant | 20 | 1500 | / | 0 |
| Spell Breaker | 1 | 215 | / | 30 |
| Priest | 1 | 135 | / | 10 |
| total: | 22 | 1850g | / | 40w |
| Scout Tower | 159 | 4770 | / | 3180 |
| Arcane Tower | 7 | 490 | / | 350 |
| Guard Tower | 46 | 3220 | / | 2300 |
| Altar of Kings | 1 | 180 | / | 50 |
| Farm | 4 | 320 | / | 80 |
| Lumber Mill | 2 | 240 | / | 0 |
| Arcane Vault | 1 | 130 | / | 30 |
| Town Hall | 1 | 385 | / | 205 |
| Arcane Sanctum | 1 | 150 | / | 140 |
| Keep | 1 | 320 | / | 210 |
| Castle | 1 | 360 | / | 210 |
| total: | 169 | 6175g | / | 3685w |
| 0:04 | Peasant |
| 0:04 | Peasant |
| 0:16 | Peasant |
| 0:23 | Altar of Kings |
| 0:27 | Farm |
| 0:32 | Peasant |
| 0:39 | Lumber Mill |
| 0:41 | Peasant |
| 0:52 | Peasant |
| 1:07 | Farm |
| 1:16 | Scout Tower |
| 1:21 | Peasant |
| 1:26 | Peasant |
| 1:41 | Scout Tower |
| 1:42 | Arcane Tower |
| 1:45 | Peasant |
| 2:01 | Peasant |
| 2:07 | Scout Tower |
| 2:08 | Guard Tower |
| 2:10 | Scout Tower |
| 2:17 | Peasant |
| 2:18 | Peasant |
| 2:25 | Blizzard |
| 2:39 | Guard Tower |
| 2:41 | Scout Tower |
| 2:43 | Scout Tower |
| 3:05 | Peasant |
| 3:05 | Peasant |
| 3:12 | Guard Tower |
| 3:16 | Scout Tower |
| 3:17 | Scout Tower |
| 3:19 | Healing Salve |
| 3:39 | Keep |
| 3:50 | Brilliance Aura |
| 4:08 | Guard Tower |
| 4:11 | Scout Tower |
| 4:11 | Scout Tower |
| 5:16 | Farm |
| 5:16 | Farm |
| 5:50 | Improved Masonry |
| 5:59 | Staff of Teleportation |
| 5:59 | Boots of Speed |
| 6:08 | Scout Tower |
| 6:09 | Scout Tower |
| 6:09 | Guard Tower |
| 6:39 | Blizzard |
| 6:47 | Guard Tower |
| 6:50 | Arcane Vault |
| 6:55 | Scout Tower |
| 6:56 | Scout Tower |
| 6:56 | Scout Tower |
| 7:09 | Storm Bolt |
| 7:59 | Scout Tower |
| 7:59 | Scout Tower |
| 8:00 | Scout Tower |
| 8:01 | Scout Tower |
| 8:02 | Castle |
| 8:03 | Guard Tower |
| 8:19 | Guard Tower |
| 8:23 | Scout Tower |
| 8:23 | Scout Tower |
| 9:02 | Arcane Sanctum |
| 9:04 | Advanced Masonry |
| 9:32 | Guard Tower |
| 9:44 | Bash |
| 9:47 | Guard Tower |
| 9:55 | Town Hall |
| 10:09 | Scout Tower |
| 10:09 | Scout Tower |
| 10:10 | Scout Tower |
| 10:11 | Scout Tower |
| 10:18 | Scout Tower |
| 10:19 | Scout Tower |
| 10:19 | Scout Tower |
| 10:20 | Scout Tower |
| 10:20 | Scout Tower |
| 10:21 | Scout Tower |
| 10:49 | Guard Tower |
| 10:54 | Magic Sentry |
| 10:55 | Imbued Masonry |
| 11:12 | Brilliance Aura |
| 11:27 | Arcane Tower |
| 11:28 | Guard Tower |
| 11:33 | Peasant |
| 11:39 | Holy Light |
| 12:01 | Staff of Teleportation |
| 12:01 | Boots of Speed |
| 12:14 | Arcane Tower |
| 12:14 | Guard Tower |
| 12:21 | Staff of Sanctuary |
| 12:46 | Staff of Teleportation |
| 12:46 | Boots of Speed |
| 12:56 | Storm Bolt |
| 13:32 | Scout Tower |
| 13:33 | Scout Tower |
| 13:33 | Scout Tower |
| 13:34 | Scout Tower |
| 13:35 | Scout Tower |
| 13:35 | Scout Tower |
| 13:35 | Scout Tower |
| 13:36 | Scout Tower |
| 13:36 | Scout Tower |
| 13:38 | Priest Adept Training |
| 13:42 | Spell Breaker |
| 13:42 | Priest |
| 13:54 | Scout Tower |
| 13:55 | Scout Tower |
| 13:56 | Scout Tower |
| 13:57 | Scout Tower |
| 13:57 | Scout Tower |
| 13:58 | Scout Tower |
| 14:04 | Peasant |
| 14:04 | Peasant |
| 14:05 | Scout Tower |
| 14:06 | Scout Tower |
| 14:08 | Scout Tower |
| 14:08 | Scout Tower |
| 14:10 | Scout Tower |
| 14:11 | Scout Tower |
| 14:11 | Scout Tower |
| 14:12 | Scout Tower |
| 14:45 | Orb of Lightning |
| 14:45 | Orb of Lightning |
| 14:58 | Orb of Lightning |
| 14:58 | Orb of Lightning |
| 15:02 | Staff of Sanctuary |
| 15:09 | Guard Tower |
| 15:10 | Guard Tower |
| 15:16 | Peasant |
| 15:18 | Improved Lumber Harvesting |
| 15:25 | Priest Master Training |
| 15:27 | Guard Tower |
| 15:37 | Guard Tower |
| 15:39 | Scout Tower |
| 15:41 | Scout Tower |
| 15:42 | Scout Tower |
| 15:43 | Scout Tower |
| 15:44 | Scout Tower |
| 15:45 | Scout Tower |
| 15:48 | Guard Tower |
| 15:50 | Scout Tower |
| 15:51 | Scout Tower |
| 15:52 | Scout Tower |
| 15:52 | Scout Tower |
| 15:53 | Scout Tower |
| 15:54 | Scout Tower |
| 15:54 | Scout Tower |
| 15:56 | Scout Tower |
| 15:56 | Scout Tower |
| 15:58 | Scout Tower |
| 15:59 | Scout Tower |
| 16:00 | Scout Tower |
| 16:01 | Scout Tower |
| 16:03 | Scout Tower |
| 16:18 | Periapt of Vitality |
| 16:49 | Arcane Tower |
| 16:52 | Arcane Tower |
| 16:54 | Guard Tower |
| 17:07 | Arcane Tower |
| 17:12 | Guard Tower |
| 17:33 | Divine Shield |
| 17:46 | Periapt of Vitality |
| 18:09 | Guard Tower |
| 18:12 | Guard Tower |
| 18:18 | Scout Tower |
| 18:19 | Scout Tower |
| 18:27 | Scout Tower |
| 18:28 | Scout Tower |
| 18:29 | Scout Tower |
| 18:30 | Scout Tower |
| 18:45 | Guard Tower |
| 19:43 | Guard Tower |
| 19:46 | Scout Tower |
| 19:46 | Scout Tower |
| 19:47 | Scout Tower |
| 19:48 | Scout Tower |
| 19:51 | Scout Tower |
| 19:53 | Scout Tower |
| 19:55 | Scout Tower |
| 19:55 | Scout Tower |
| 19:57 | Scout Tower |
| 20:07 | Guard Tower |
| 20:12 | Scout Tower |
| 20:14 | Scout Tower |
| 20:15 | Scout Tower |
| 20:15 | Scout Tower |
| 20:16 | Scout Tower |
| 20:16 | Scout Tower |
| 20:18 | Scout Tower |
| 20:19 | Scout Tower |
| 20:19 | Scout Tower |
| 20:48 | Guard Tower |
| 20:58 | Advanced Lumber Harvesting |
| 21:03 | Staff of Sanctuary |
| 21:18 | Orb of Lightning |
| 21:31 | Periapt of Vitality |
| 21:35 | Periapt of Vitality |
| 21:46 | Guard Tower |
| 21:54 | Scout Tower |
| 21:55 | Scout Tower |
| 21:56 | Scout Tower |
| 21:57 | Scout Tower |
| 21:59 | Scout Tower |
| 22:05 | Guard Tower |
| 22:09 | Scout Tower |
| 22:11 | Scout Tower |
| 22:12 | Scout Tower |
| 22:14 | Scout Tower |
| 22:15 | Scout Tower |
| 22:16 | Scout Tower |
| 22:17 | Scout Tower |
| 22:22 | Scout Tower |
| 22:23 | Scout Tower |
| 22:23 | Scout Tower |
| 22:24 | Scout Tower |
| 22:24 | Scout Tower |
| 22:25 | Guard Tower |
| 22:34 | Scout Tower |
| 22:35 | Scout Tower |
| 22:37 | Scout Tower |
| 22:42 | Scout Tower |
| 22:43 | Scout Tower |
| 22:43 | Scout Tower |
| 22:50 | Arcane Tower |
| 23:06 | Guard Tower |
| 23:09 | Guard Tower |
| 23:15 | Peasant |
| 23:16 | Peasant |
| 23:21 | Lumber Mill |
| 23:36 | Guard Tower |
| 23:38 | Guard Tower |
| 23:45 | Guard Tower |
| 24:11 | Guard Tower |
| 24:16 | Guard Tower |
| 24:22 | Scout Tower |
| 24:24 | Scout Tower |
| 24:25 | Scout Tower |
| 24:26 | Scout Tower |
| 24:29 | Scout Tower |
| 24:31 | Scout Tower |
| 24:33 | Scout Tower |
| 24:43 | Scout Tower |
| 24:43 | Scout Tower |
| 24:45 | Scout Tower |
| 24:46 | Scout Tower |
| 24:48 | Guard Tower |
| 24:52 | Scout Tower |
| 24:53 | Scout Tower |
| 24:55 | Scout Tower |
| 24:57 | Scout Tower |
| 24:59 | Scout Tower |
| 25:00 | Scout Tower |
| 25:00 | Scout Tower |
| 25:04 | Guard Tower |
| 25:13 | Scout Tower |
| 25:14 | Scout Tower |
| 25:16 | Scout Tower |
| 25:18 | Scout Tower |
| 25:20 | Scout Tower |
| 25:20 | Scout Tower |
| 25:21 | Scout Tower |
| 25:22 | Scout Tower |
| 25:24 | Scout Tower |
| 25:25 | Scout Tower |
| 25:26 | Scout Tower |
| 25:26 | Scout Tower |
| 25:30 | Guard Tower |
| 25:38 | Scout Tower |
| 25:39 | Scout Tower |
| 25:39 | Scout Tower |
| 25:40 | Scout Tower |
| 25:41 | Scout Tower |
| 25:42 | Scout Tower |
| 25:43 | Scout Tower |
| 25:44 | Scout Tower |
| 25:47 | Guard Tower |
| 26:38 | Guard Tower |
| 26:47 | Guard Tower |
| 27:04 | Guard Tower |
| 29:12 | Guard Tower |
| 29:15 | Guard Tower |
| 29:57 | Bash |
| 30:04 | Guard Tower |
| 31:19 | Brilliance Aura |
| 31:20 | Holy Light |
| 32:44 | Storm Bolt |
| 32:51 | Devotion Aura |
| 37:24 | Blizzard |
| Right click | 1470 |
| Select group | 1276 |
| Select | 326 |
| Use ability | 150 |
| Build/train/purchase | 140 |
| Chat | 138 |
| Misc. action | 57 |
| Assign group | 13 |
| Resource trade | 13 |
| Item give/drop | 12 |
| Minimap ping | 7 |
| Esc | 1 |



| Staff of Sanctuary | 3 | 750 |
| Orb of Fire | 1 | 325 |
| Boots of Speed | 3 | 750 |
| Staff of Teleportation | 5 | 750 |
| Orb of Lightning | 5 | 1875 |
| total: | 17 | 4450g |
| Peasant | 15 | 1125 | / | 0 |
| Priest | 1 | 135 | / | 10 |
| Dragonhawk Rider | 5 | 1000 | / | 150 |
| Mortar Team | 4 | 720 | / | 280 |
| total: | 25 | 2980g | / | 440w |
| Scout Tower | 94 | 2820 | / | 1880 |
| Arcane Tower | 7 | 490 | / | 350 |
| Guard Tower | 74 | 5180 | / | 3700 |
| Altar of Kings | 1 | 180 | / | 50 |
| Farm | 11 | 880 | / | 220 |
| Lumber Mill | 1 | 120 | / | 0 |
| Arcane Vault | 1 | 130 | / | 30 |
| Blacksmith | 1 | 140 | / | 60 |
| Barracks | 1 | 160 | / | 60 |
| Town Hall | 1 | 385 | / | 205 |
| Arcane Sanctum | 1 | 150 | / | 140 |
| Gryphon Aviary | 1 | 140 | / | 150 |
| Workshop | 3 | 420 | / | 420 |
| Keep | 5 | 1600 | / | 1050 |
| Castle | 3 | 1080 | / | 630 |
| total: | 116 | 5525g | / | 3215w |
| 0:02 | Peasant |
| 0:02 | Peasant |
| 0:07 | Altar of Kings |
| 0:10 | Peasant |
| 0:19 | Farm |
| 0:22 | Peasant |
| 0:38 | Peasant |
| 0:41 | Farm |
| 0:41 | Farm |
| 0:42 | Farm |
| 0:49 | Lumber Mill |
| 0:57 | Peasant |
| 1:02 | Peasant |
| 1:11 | Peasant |
| 1:17 | Arcane Vault |
| 1:23 | Scout Tower |
| 1:24 | Peasant |
| 1:45 | Peasant |
| 1:50 | Arcane Tower |
| 1:52 | Scout Tower |
| 2:06 | Blizzard |
| 2:14 | Scout Tower |
| 2:26 | Guard Tower |
| 2:27 | Scout Tower |
| 2:30 | Scout Tower |
| 2:32 | Scout Tower |
| 2:32 | Peasant |
| 2:32 | Peasant |
| 3:05 | Peasant |
| 3:05 | Peasant |
| 3:06 | Improved Masonry |
| 3:07 | Peasant |
| 3:10 | Guard Tower |
| 3:11 | Guard Tower |
| 3:11 | Guard Tower |
| 3:12 | Scout Tower |
| 3:13 | Scout Tower |
| 3:55 | Guard Tower |
| 3:56 | Guard Tower |
| 3:56 | Guard Tower |
| 4:12 | Keep |
| 4:50 | Scout Tower |
| 4:51 | Scout Tower |
| 4:52 | Scout Tower |
| 4:53 | Scout Tower |
| 4:54 | Brilliance Aura |
| 4:56 | Farm |
| 4:58 | Farm |
| 5:16 | Scout Tower |
| 5:17 | Scout Tower |
| 5:18 | Scout Tower |
| 5:18 | Scout Tower |
| 5:49 | Guard Tower |
| 5:50 | Guard Tower |
| 5:51 | Arcane Tower |
| 5:51 | Guard Tower |
| 6:12 | Scout Tower |
| 6:13 | Scout Tower |
| 6:14 | Scout Tower |
| 6:22 | Arcane Tower |
| 6:22 | Guard Tower |
| 6:40 | Arcane Sanctum |
| 6:50 | Guard Tower |
| 7:11 | Boots of Speed |
| 7:11 | Staff of Teleportation |
| 7:16 | Staff of Teleportation |
| 7:16 | Staff of Teleportation |
| 7:29 | Scout Tower |
| 7:29 | Scout Tower |
| 7:30 | Scout Tower |
| 7:30 | Scout Tower |
| 7:34 | Storm Bolt |
| 8:01 | Castle |
| 8:10 | Arcane Tower |
| 8:11 | Guard Tower |
| 8:11 | Guard Tower |
| 8:12 | Magic Sentry |
| 8:20 | Blizzard |
| 9:03 | Guard Tower |
| 9:03 | Guard Tower |
| 9:57 | Advanced Masonry |
| 9:58 | Improved Lumber Harvesting |
| 9:59 | Priest |
| 10:02 | Gryphon Aviary |
| 10:11 | Scout Tower |
| 10:11 | Scout Tower |
| 10:12 | Scout Tower |
| 10:13 | Scout Tower |
| 10:13 | Scout Tower |
| 10:14 | Scout Tower |
| 10:14 | Scout Tower |
| 10:29 | Scout Tower |
| 10:30 | Scout Tower |
| 10:30 | Scout Tower |
| 10:31 | Scout Tower |
| 10:36 | Bash |
| 11:12 | Arcane Tower |
| 11:12 | Guard Tower |
| 11:13 | Guard Tower |
| 11:13 | Guard Tower |
| 11:26 | Imbued Masonry |
| 11:41 | Holy Light |
| 12:05 | Arcane Tower |
| 12:05 | Guard Tower |
| 12:11 | Staff of Teleportation |
| 12:28 | Boots of Speed |
| 12:43 | Guard Tower |
| 13:22 | Orb of Lightning |
| 13:22 | Orb of Lightning |
| 13:23 | Orb of Lightning |
| 13:47 | Boots of Speed |
| 14:03 | Staff of Teleportation |
| 14:32 | Staff of Sanctuary |
| 14:49 | Scout Tower |
| 14:50 | Scout Tower |
| 14:51 | Scout Tower |
| 14:51 | Scout Tower |
| 14:52 | Scout Tower |
| 14:52 | Scout Tower |
| 14:53 | Scout Tower |
| 14:53 | Scout Tower |
| 14:54 | Scout Tower |
| 14:54 | Scout Tower |
| 15:30 | Orb of Fire |
| 15:45 | Guard Tower |
| 15:52 | Guard Tower |
| 16:11 | Guard Tower |
| 16:44 | Staff of Sanctuary |
| 16:51 | Guard Tower |
| 16:52 | Guard Tower |
| 16:59 | Guard Tower |
| 17:04 | Guard Tower |
| 17:07 | Scout Tower |
| 17:08 | Scout Tower |
| 17:08 | Scout Tower |
| 17:08 | Scout Tower |
| 17:09 | Scout Tower |
| 17:09 | Scout Tower |
| 17:10 | Scout Tower |
| 17:11 | Scout Tower |
| 17:11 | Scout Tower |
| 17:12 | Scout Tower |
| 17:12 | Scout Tower |
| 17:14 | Scout Tower |
| 18:07 | Guard Tower |
| 18:08 | Guard Tower |
| 18:18 | Guard Tower |
| 18:27 | Guard Tower |
| 18:51 | Guard Tower |
| 19:02 | Scout Tower |
| 19:02 | Scout Tower |
| 19:03 | Guard Tower |
| 19:04 | Scout Tower |
| 19:05 | Scout Tower |
| 19:12 | Scout Tower |
| 19:13 | Scout Tower |
| 19:48 | Guard Tower |
| 20:00 | Guard Tower |
| 20:02 | Guard Tower |
| 20:13 | Scout Tower |
| 20:13 | Scout Tower |
| 20:14 | Scout Tower |
| 20:16 | Scout Tower |
| 20:23 | Scout Tower |
| 20:46 | Guard Tower |
| 20:46 | Guard Tower |
| 20:50 | Guard Tower |
| 20:59 | Farm |
| 21:00 | Farm |
| 21:00 | Farm |
| 21:03 | Blacksmith |
| 21:03 | Barracks |
| 21:08 | Scout Tower |
| 21:09 | Scout Tower |
| 21:09 | Scout Tower |
| 21:10 | Scout Tower |
| 21:10 | Scout Tower |
| 21:11 | Scout Tower |
| 21:21 | Scout Tower |
| 21:22 | Scout Tower |
| 21:22 | Scout Tower |
| 21:23 | Scout Tower |
| 21:23 | Scout Tower |
| 21:24 | Guard Tower |
| 21:24 | Guard Tower |
| 21:29 | Scout Tower |
| 21:32 | Scout Tower |
| 21:33 | Scout Tower |
| 21:50 | Guard Tower |
| 22:01 | Scout Tower |
| 22:16 | Guard Tower |
| 22:16 | Guard Tower |
| 22:19 | Dragonhawk Rider |
| 22:20 | Iron Forged Swords |
| 22:20 | Studded Leather Armor |
| 22:21 | Dragonhawk Rider |
| 22:23 | Guard Tower |
| 22:24 | Guard Tower |
| 22:25 | Scout Tower |
| 22:36 | Orb of Lightning |
| 22:36 | Orb of Lightning |
| 22:43 | Staff of Sanctuary |
| 22:53 | Guard Tower |
| 23:02 | Guard Tower |
| 23:11 | Guard Tower |
| 23:22 | Animal War Training |
| 24:18 | Town Hall |
| 25:32 | Scout Tower |
| 25:33 | Scout Tower |
| 25:33 | Scout Tower |
| 25:34 | Scout Tower |
| 25:34 | Scout Tower |
| 25:34 | Scout Tower |
| 25:35 | Scout Tower |
| 25:35 | Scout Tower |
| 25:36 | Scout Tower |
| 25:36 | Scout Tower |
| 25:41 | Scout Tower |
| 26:38 | Guard Tower |
| 26:41 | Dragonhawk Rider |
| 26:42 | Dragonhawk Rider |
| 26:42 | Dragonhawk Rider |
| 26:56 | Guard Tower |
| 27:05 | Guard Tower |
| 28:26 | Storm Bolt |
| 28:45 | Brilliance Aura |
| 29:10 | Steel Forged Swords |
| 29:11 | Reinforced Leather Armor |
| 29:15 | Guard Tower |
| 29:17 | Guard Tower |
| 29:17 | Guard Tower |
| 31:20 | Divine Shield |
| 32:37 | Bash |
| 32:47 | Holy Light |
| 33:47 | Workshop |
| 33:49 | Workshop |
| 33:55 | Workshop |
| 33:58 | Farm |
| 34:01 | Farm |
| 35:00 | Brilliance Aura |
| 35:32 | Mortar Team |
| 35:32 | Mortar Team |
| 35:33 | Mortar Team |
| 35:35 | Black Gunpowder |
| 37:00 | Mortar Team |
| 37:01 | Flare |
| Right click | 1970 |
| Select | 700 |
| Select group | 522 |
| Chat | 235 |
| Build/train/purchase | 225 |
| Use ability | 106 |
| Misc. action | 28 |
| Minimap ping | 20 |
| Assign group | 19 |
| Resource trade | 6 |
| Item give/drop | 5 |